[Event "Early-Titled-Tuesday-Blitz-August-29-2023"]
[Site "Chess.com"]
[Date "2023.08.29"]
[Round "3"]
[White "Martial2008"]
[Black "Gauravthegm"]
[Result "0-1"]
[WhiteElo "2590"]
[BlackElo "2429"]
[TimeControl "180+1"]
[EndTime "8:30:04 PDT"]
[Termination "Gauravthegm won by checkmate"]

1. d4 c5 2. d5 e5 3. Nc3 d6 4.
e4 a6 5. g3 b5 6. h4 f5 7. Bh3 fxe4 8. Nxe4 Bxh3 9. Nxh3 Be7 10. Nhg5 Bxg5 11. Nxg5 Nf6 12. O-O Nbd7 13. Ne6 Qc8 14.
Nxg7+ Kf7 15. Ne6 Nb6 16. Ng5+ Ke7 17. f4 e4 18. Re1 Qf5 19. Qe2 Nbxd5 20. Nxe4 Kd7 21.
Nxf6+ Nxf6 22. Be3 Rhg8 23. Qf3 Rxg3+ 24. Qxg3 Rg8 25. Qxg8 Nxg8 26. Rad1 Qg4+ 27. Kf2 Nf6 28. Bxc5 Qxf4+ 29. Kg2 Qg4+ 30. Kf1 Qh3+ 31. Kg1 Qg3+ 32. Kf1 Qh3+ 33. Kg1 Qg4+ 34. Kf1 Ne4 35. Bd4 Qf3+ 36. Kg1 Qg3+ 37. Kf1 Qxh4 38. c3 Qf4+ 39. Ke2 Ng3+ 40.
Kd3 Qf5+ 41. Kd2 Ne4+ 42. Kc1 h5 43. Rf1 Qg5+ 44. Kc2 h4 45. Rg1 Qf5 46. Rdf1 Qd5 47. Rg4 h3 48. Rh4 Ng3 49. Rf2 Qe6 50. Rh7+ Kc6 51.
Rh4 Qg6+ 52. Kb3 Qe6+ 53. Kc2 b4 54. cxb4 Qc4+ 55. Kb1 Qd3+ 56. Kc1 Ne2+ 57. Rxe2 Qxe2 58. Rxh3 Qf1+ 59. Kc2 Qxh3 60. Bc3 d5 61. a4 Qg2+ 62. Kb3 Qf3 63. Kc2 Qe2+ 64. Kb3 Qc4+ 65. Kc2 d4 66. Kd2 dxc3+ 67. bxc3 Qb3 68. Kd3 Qxa4 69. Kd4 Qd1+ 70. Kc4 Qd5# 0-1

[Event "Early-Titled-Tuesday-Blitz-August-29-2023"]
[Site "Chess.com"]
[Date "2023.08.29"]
[Round "3"]
[White "a-z30"]
[Black "biostatistician"]
[Result "0-1"]
[WhiteElo "2352"]
[BlackElo "2577"]
[TimeControl "180+1"]
[EndTime "8:30:04 PDT"]
[Termination "biostatistician won on time"]

1. d3 Nf6 2. Nf3 d5 3. g3 c5 4. Bg2 Nc6 5. O-O e5 6. c4 d4 7. e3 Be7 8. exd4 exd4 9. Bf4 O-O 10. Ne5 Nxe5 11. Bxe5 Bd6 12. Bxf6 Qxf6 13. Nd2 Be7 14. Re1 Rb8 15. Qh5 g6 16. Qh6 Bf5 17. Ne4 Qg7 18. Qf4 Rfd8 19. Re2 h6 20. h4 Be6 21. Rae1 b6 22. Kh2 Qf8 23. Nf6+ Kg7 24. Nd5 Bxd5 25. Rxe7 Bxg2 26. Kxg2 a5 27. Qe5+ Kg8 28. Qf6 Qg7 29. Qf4 h5 30. Qf3 Qf8 31. Qe4 Rdc8 32. a4 Rd8 33. b3 Rdc8 34. Qe5 Rd8 35. Re4 Qg7 36. Qf4 Rf8 37. Qg5 Rbd8 38. f4 Rd6 39. Qe5 Qxe5 40. R4xe5 Rfd8 41. Kf3 Kg7 42. Rb7 R8d7 43. Re7 Rxe7 44.
Rxe7 Kf6 45. Rb7 Re6 46. Kf2 Rc6 47. Rb8 Rd6 48. Rb7 Re6 49. Rb8 Kf5 50. Rb7 f6 51.
Rb8 Kg4 52. Rg8 Kf5 53. Rb8 Rd6 54. Rb7 Rc6 55. Rb8 Re6 56. Rb7 Re3 57. Rxb6 Rxd3 58. Rb5 Kg4 59. Rxc5 Rxb3 60. Rxa5 Rb2+ 61. Ke1 Kxg3 62.
Rd5 Kxf4 63. Rxd4+ Ke3 64. Rd1 Rh2 0-1

[Event "Early-Titled-Tuesday-Blitz-August-29-2023"]
[Site "Chess.com"]
[Date "2023.08.29"]
[Round "3"]
[White "Tonychess32"]
[Black "fireheart92"]
[Result "0-1"]
[WhiteElo "2521"]
[BlackElo "2961"]
[TimeControl "180+1"]
[EndTime "8:30:06 PDT"]
[Termination "fireheart92 won on time"]

1. e4 c6 2. d4 d5 3. Nc3 dxe4 4.
Nxe4 Nf6 5. Nc3 Bg4 6. Be2 Bxe2 7.
Ngxe2 e6 8. O-O Bd6 9. Bf4 O-O 10.
Bxd6 Qxd6 11. h3 Nbd7 12. a3 Rad8 13. Qd3 Rfe8 14. Rad1 Nb6 15. Ne4 Nxe4 16. Qxe4 Qd5 17. Qxd5 exd5 18. Nc1 Nc4 19. Nd3 Re2 20. Rc1 Rde8 21.
Rfd1 g5 22. a4 a5 23. b3 Nd6 24. Re1 f6 25. Kf1 Rxe1+ 26. Rxe1 Rxe1+ 27. Kxe1 Kf7 28. f3 h5 29. c3 h4 30. Kf2 Kg6 31. Nc5 Kf5 32.
Nd3 b6 33. Ke3 Ke6 34. Kf2 Nb7 35. g4 Nd6 36. Ke3 f5 37. Ne5 c5 38. Nd3 c4 39. Nc1 cxb3 40. Nxb3 Nc4+ 41. Ke2 fxg4 42. fxg4 Nb2 43. Ke3 Nxa4 44. Kd3 Nb2+ 45. Kc2 Nc4 46. Kd3 a4 47. Nc1 a3 48. Na2 Kd6 49. Nb4 Ke6 50. Na2 b5 51. Nb4 Nd6 52. Kc2 Ne4 53. Kb3 Nf2 54. Kxa3 Nxh3 55. Nd3 Nf4 56. Nf2 Kd6 57. Kb4 Kc6 58. Kb3 h3 59. Kb4 h2 60. Ka3 Ng2 61.
Kb3 Ne3 62. Nh1 Nxg4 63. Kc2 Nf6 64. Kd3 Ne4 65. Kc2 g4 66. Kd3 g3 67. Ke3 g2 0-1

[Event "Early-Titled-Tuesday-Blitz-August-29-2023"]
[Site "Chess.com"]
[Date "2023.08.29"]
[Round "3"]
[White "platy3"]
[Black "Fighterman91"]
[Result "1/2-1/2"]
[WhiteElo "2932"]
[BlackElo "2740"]
[TimeControl "180+1"]
[EndTime "8:30:07 PDT"]
[Termination "Game drawn by repetition"]

1. e4 e5 2. Nf3 Nc6 3. Bb5 Nf6 4. d3 Bc5 5. O-O Nd4 6. Nxd4 Bxd4 7. Nd2 c6 8. Ba4 d6 9. c3 Bb6 10. Nc4 Bc7 11.
Bb3 Bg4 12. Qe1 O-O 13. f4 exf4 14. Bxf4 d5 15. Bxc7 Qxc7 16. Ne3 Be6 17. exd5 Nxd5 18. Bxd5 cxd5 19. d4 b5 20. Qd2 a5 21. Nf5 f6 22.
Rae1 Rfe8 23. Ne3 b4 24. Rc1 Qb6 25. Rfe1 Reb8 26. h3 bxc3 27. bxc3 a4 28. Qf2 Qd6 29.
Rc2 a3 30. Rce2 Re8 31. Nf5 Qd7 32. Ng3 Bf7 33. Nf5 Be6 34. Ne3 Bf7 35. Nc2 Rxe2 36. Rxe2 Qc7 37. Qe1 Rc8 38. Re3 Qc4 39. Nb4 h6 40.
Qd2 Bg6 41. Rg3 Kh7 42. Kh2 Be4 43. Qf4 Qc7 44. Qg4 Rd8 45. Nc6 Re8 46. Nb4 Qf7 47. Qf4 Rc8 48. Re3 Qc7 49. Qxc7 Rxc7 50. g4 g6 51. Kg3 g5 52. h4 Kg6 53. hxg5 hxg5 54. Kf2 f5 55. gxf5+ Kxf5 56. Kg3 Rh7 57. Re1 g4 58.
Rf1+ Kg5 59. Rf8 Rh3+ 60. Kf2 Rxc3 61. Rg8+ Kh4 62. Rh8+ Kg5 63. Rg8+ Kf4 64. Rf8+ Kg5 65. Rg8+ 1/2-1/2

[Event "Early-Titled-Tuesday-Blitz-August-29-2023"]
[Site "Chess.com"]
[Date "2023.08.29"]
[Round "3"]
[White "AradNazari"]
[Black "ybothg"]
[Result "1-0"]
[WhiteElo "2763"]
[BlackElo "2484"]
[TimeControl "180+1"]
[EndTime "8:30:07 PDT"]
[Termination "AradNazari won by resignation"]

1. e4 c5 2. Nf3 e6 3. d4 cxd4 4. Nxd4 Nf6 5. Nc3 Nc6 6. Be3 Bb4 7.
Nxc6 bxc6 8. Bd4 Nxe4 9. Qg4 d5 10. Qxg7 Rf8 11. f3 Qh4+ 12. Ke2 Ba6+ 13. Kd1 Bxf1 14.
Rxf1 Nd6 15. Bf6 Qc4 16. Re1 Nf5 17. Qg4 Qxg4 18. fxg4 Nd6 19. a3 Bxc3 20. Bxc3 Ne4 21. h3 Nxc3+ 22. bxc3 Kd7 23. Rb1 Rab8 24. Kd2 Rb6 25. Rb4 c5 26. Ra4 a6 27. Rf4 Kd6 28.
g5 Rb7 29. h4 Rg8 30. Ref1 Rg7 31. Rf6 c4 32. R1f2 Kc5 33. Kc1 Kd6 34. Rh6 Ke5 35.
Rh5 Kd6 36. Rf6 Rb8 37. Rhh6 Rb7 38. Rf2 Ke5 39. Rhf6 Kd6 40. Kd2 Ke5 41. Ke3 Rc7 42. Re2 Rb7 43. Kf3+ Kd6 44. Kg4 Rb8 45. Kh5 Rbg8 46.
Re1 Rb8 47. Ref1 Ke7 48. Kh6 Rbg8 49. Rb1 Rg6+ 50. Rxg6 hxg6 51. Rb7+ Kd6 52. Rxf7 Rh8+ 53. Kxg6 Rxh4 54. Rf2 e5 55. Kf6 d4 56. cxd4 exd4 57. g6 Rg4 58. g7 Kd5 59. Kf7 d3 60. cxd3 cxd3 61. g8=Q Rxg8 62. Kxg8 Kd4 63. g4 Kc3 64. g5 d2 65. Rxd2 Kxd2 66. g6 Kc3 67. g7 Kb3 68.
Kf8 a5 69. g8=Q+ Kxa3 70. Qg1 Kb2 71. Qf2+ Kb3 72. Qe3+ Kb2 73. Qd2+ 1-0

[Event "Early-Titled-Tuesday-Blitz-August-29-2023"]
[Site "Chess.com"]
[Date "2023.08.29"]
[Round "3"]
[White "Rosh1610"]
[Black "GP9isback23"]
[Result "0-1"]
[WhiteElo "2436"]
[BlackElo "2638"]
[TimeControl "180+1"]
[EndTime "8:30:09 PDT"]
[Termination "GP9isback23 won on time"]

1. e4 c6 2. Nc3 d5 3. Nf3 Bg4 4. h3 Bxf3 5. Qxf3 e6 6. Be2 Nf6 7. O-O Bd6 8. d4 dxe4 9. Nxe4 Nxe4 10. Qxe4 Nd7 11. Be3 O-O 12. c4 Re8 13. Bf3 Qc7 14. Rfd1 Rad8 15. Rac1 Qb8 16. Qc2 Bf4 17. Be4 Nf6 18.
Bd3 Bxe3 19. fxe3 e5 20. Qf2 exd4 21. exd4 Qd6 22. Bb1 Re7 23. d5 cxd5 24. cxd5 a6 25. Kh1 Nh5 26. Rc3 Rde8 27. Rf3 Re2 28. Qh4 g6 29. Rdf1 Qxd5 30. Qg4 R2e7 31. a3 Ng7 32. Bc2 Ne6 33. Bb3 Qd7 34. Qc4 Kg7 35. Qc3+ Kg8 36. Qf6 Nd8 37. h4 Qc6 38. h5 Qxf6 39. Rxf6 Kg7 40. hxg6 hxg6 41. Bc4 Rd7 42. b4 Ree7 43. a4 Rc7 44. Bd5 Re5 45. Bb3 Ree7 46. b5 axb5 47.
axb5 Ne6 48. Bxe6 Rxe6 49. Rxe6 fxe6 50. g4 Rc5 51. Rb1 Rc4 52. g5 Rc5 53. Kg2 Rxg5+ 54. Kf3 Rd5 55. Kf4 Kf6 56. Ke4 g5 57. Rf1+ Ke7 58. b6 Rb5 59. Rg1 Kd6 60. Rg2 Kc6 61.
Rg3 Kxb6 62. Rg4 Kc6 0-1

[Event "Early-Titled-Tuesday-Blitz-August-29-2023"]
[Site "Chess.com"]
[Date "2023.08.29"]
[Round "3"]
[White "YellowJacek"]
[Black "slidingknight2775"]
[Result "0-1"]
[WhiteElo "2363"]
[BlackElo "2582"]
[TimeControl "180+1"]
[EndTime "8:30:09 PDT"]
[Termination "slidingknight2775 won by resignation"]

1. d4 Nf6 2. g3 d5 3. Bg2 e6 4. Nf3 Be7 5. O-O O-O 6. b3 b6 7. Bb2 Bb7 8. Nbd2 Nbd7 9. c4 c5 10. cxd5 Bxd5 11. Re1 Ne4 12. Qc2 Nxd2 13. Qxd2 cxd4 14.
Nxd4 Bxg2 15. Kxg2 Nf6 16. Red1 Qd5+ 17. Nf3 Rfd8 18. Qxd5 Nxd5 19. Rd2 f6 20. Rad1 Kf7 21. e4 Nb4 22. Rxd8 Rxd8 23. Rxd8 Bxd8 24. a3 Nd3 25.
Bc3 e5 26. b4 b5 27. Kf1 Bb6 28. Be1 Nxe1 29. Kxe1 Ke6 30. Nd2 Kd6 31. Ke2 a6 32. f4 Ba7 33. f5 Bb6 34. Kd3 Bd4 35. Kc2 Bb6 36. h3 h5 37. g4 hxg4 38. hxg4 Be3 39.
Nf3 Kc6 40. Nh4 Bg5 41. Ng6 Kd6 42. Nf8 Bh6 43. Ne6 Kc6 44. Kb3 Kb6 45. Nf8 Kc6 46.
Ng6 Kd6 47. Nf8 Kc6 48. Nh7 Kb6 49. Kc3 Kc6 50. Kc2 Kb6 51. Kb3 Kc6 52. a4 Kb6 53. a5+ Kc6 54. Nf8 Bd2 55. Ne6 Bh6 56. Nc5 Be3 57. Nxa6 Kd6 58. Kc3 Ba7 59. Kd3 Kc6 60.
Kc3 Kd6 61. Kb2 Kc6 62. Kb3 Kd6 63. Nc5 Bxc5 64. bxc5+ Kxc5 65. Ka3 b4+ 66. Kb3 Kb5 67. a6 Kxa6 68. Kxb4 Kb6 69. Kc4 Kc6 70. Kb4 Kb6 71.
Kc4 Kc6 72. Kb3 Kb5 73. Kc3 Kc5 74. Kd3 Kb4 75. Ke3 Kc4 76. Kf3 Kd4 77. g5 Kd3 78.
gxf6 gxf6 79. Kg4 Kxe4 80. Kh5 Kxf5 81. Kh6 e4 0-1

[Event "Early-Titled-Tuesday-Blitz-August-29-2023"]
[Site "Chess.com"]
[Date "2023.08.29"]
[Round "3"]
[White "IngOscarArdila"]
[Black "koncheto"]
[Result "0-1"]
[WhiteElo "2320"]
[BlackElo "2518"]
[TimeControl "180+1"]
[EndTime "8:30:09 PDT"]
[Termination "koncheto won on time"]

1. d4 Nf6 2. c4 e6 3. Nc3 c5 4.
Nf3 cxd4 5. Nxd4 Nc6 6. Ndb5 a6 7. Nd6+ Bxd6 8. Qxd6 Qe7 9. Qg3 O-O 10. Bg5 Nd4 11.
Qd3 Nc6 12. O-O-O b6 13. Ne4 Bb7 14. Nxf6+ gxf6 15. Bh6 Ne5 16. Qg3+ Ng6 17. h4 Rfc8 18. e3 b5 19. h5 bxc4 20. hxg6 fxg6 21. Qd6 Qxd6 22.
Rxd6 Rc7 23. Rh4 Kf7 24. Rhd4 Ke7 25. Rb6 Rac8 26. f3 a5 27. e4 e5 28. Rd1 g5 29.
Rdd6 Bc6 30. Rd1 Kf7 31. Bxc4+ Kg6 32. Bxg5 Kxg5 33. Kd2 Bxe4 34. fxe4 Rxc4 35. Ke3 R8c7 36. Rd2 Rc1 37. Rbd6 Re1+ 38. Kf3 Rf1+ 39. Ke2 Rf4 40. Ke3 Rc4 41. Rxd7 Rcxe4+ 42. Kd3 Ra4 43. a3 h5 44. Kc3 Rac4+ 45. Kb3 a4+ 46. Ka2 h4 47. Rg7+ Kf5 48.
Rh7 Rg4 49. Rf2+ Rcf4 50. Rd2 e4 51. Rd5+ Kg6 52. Rdd7 e3 53. Rhe7 Re4 54. Rg7+ Kf5 55. Rd5+ Re5 56. Rxe5+ fxe5 57. Rf7+ Ke4 58. Rf1 e2 59.
Re1 Ke3 60. b3 axb3+ 61. Kxb3 Kd2 62. a4 Kxe1 0-1

[Event "Early-Titled-Tuesday-Blitz-August-29-2023"]
[Site "Chess.com"]
[Date "2023.08.29"]
[Round "3"]
[White "KejJaj"]
[Black "M1711"]
[Result "0-1"]
[WhiteElo "2170"]
[BlackElo "2537"]
[TimeControl "180+1"]
[EndTime "8:30:10 PDT"]
[Termination "M1711 won by resignation"]

1. d4 Nf6 2. Bf4 b6 3. e3 Bb7 4. Nf3 e6 5. Bd3 c5 6. c3 d6 7. Nbd2 Nbd7 8. h3 Be7 9. O-O O-O 10. Nc4 Qc7 11. b4 Bd5 12. Qe2 Rac8 13. bxc5 bxc5 14. Nfd2 e5 15. dxe5 dxe5 16. Bh2 Rb8 17. Nf3 Bxc4 18. Bxc4 Bd6 19. e4 Nb6 20. Rab1 Qc6 21. Bd3 c4 22. Bc2 Rfe8 23. Rfd1 Bc7 24. Bg3 Nh5 25. Bh2 Nf4 26. Qe3 Na4 27. Rxb8 Rxb8 28. Rb1 Rxb1+ 29. Bxb1 Nxc3 30. Bxf4 Nxb1 31. Qc1 Qxe4 32. Be3 c3 33.
Ne1 Bb6 34. Nc2 Bxe3 35. Nxe3 Qd3 36. Kh2 h6 37. Kg1 Nd2 38. Kh2 Ne4 39. Kg1 Qd2 40.
Qb1 Qxf2+ 41. Kh1 Qxe3 42. Qb8+ Kh7 43. Qb3 Nf2+ 44. Kh2 Qf4+ 45. Kg1 Ne4 46. Qc2 Qe3+ 47. Kh2 g6 48. Kh1 h5 49. Kh2 Qf4+ 50. Kg1 h4 51. Qb1 Kg7 52. Kh1 Ng3+ 53. Kg1 Qd2 54. Kh2 c2 55.
Qb2 Qf4 56. Qxc2 Nf5+ 57. Kh1 Qf1+ 58. Kh2 Ne3 59. Qe4 Qf4+ 60. Qxf4 exf4 61. Kg1 Kf6 62. Kf2 Ke5 63. Kf3 f5 64. Ke2 g5 65. Kf2 g4 66.
Ke2 Ke4 67. hxg4 fxg4 68. Kf2 Nc4 69. Ke2 a5 70. Kd1 a4 71. Kc2 a3 72. Kc3 Kd5 0-1

[Event "Early-Titled-Tuesday-Blitz-August-29-2023"]
[Site "Chess.com"]
[Date "2023.08.29"]
[Round "3"]
[White "carokannlover213"]
[Black "Vladimir_Zakhartsov"]
[Result "0-1"]
[WhiteElo "2713"]
[BlackElo "2913"]
[TimeControl "180+1"]
[EndTime "8:30:13 PDT"]
[Termination "Vladimir_Zakhartsov won by checkmate"]

1. e4 e5 2. Nf3 Nc6 3. Bb5 Nge7 4. c3 a6 5. Ba4 Ng6 6. O-O Bc5 7. d4 Ba7 8. Bg5 f6 9. Be3 O-O 10. d5 Bxe3 11. dxc6 Bxf2+ 12. Rxf2 bxc6 13. Nbd2 Rb8 14. Bb3+ Kh8 15. Nc4 d6 16. Na5 Bd7 17.
Qd2 Nf4 18. Nc4 d5 19. exd5 cxd5 20. Ne3 c6 21. Kh1 a5 22. g3 Ne6 23. Rb1 Nc5 24. Bc2 Be6 25. b4 axb4 26. cxb4 Nd7 27. Nh4 Re8 28. Qd3 Nf8 29. a3 d4 30. Nf1 e4 31.
Qd1 Bd5 32. Kg1 e3 33. Re2 Ne6 34. Qd3 Ng5 35. Nxe3 dxe3 36. Rxe3 Qb6 37. Re1 Be4 38. Qc3 Bxc2 39. Qc5 Qxc5 40. bxc5 Rxe3 41. Rxe3 Kg8 42.
Re7 Be4 43. Kf2 Rb3 44. Rc7 Rxa3 45. Rc8+ Kf7 46. Rc7+ Kf8 47. Rc8+ Kf7 48. Rc7+ Ke6 49. Rc8 Ra2+ 50. Ke3 Rxh2 51. Rc7 Bd5 52. Rxg7 Ra2 53. Rc7 Ra3+ 54. Kf2 Ne4+ 55. Ke1 Nxg3 56. Rc8 Nf5 57. Re8+ Kf7 58. Rh8 Ra1+ 59. Kf2 Ra2+ 60. Ke1 Nxh4 61. Rxh7+ Kg6 62. Rxh4 Kg5 63. Rh7 f5 64. Rb7 Kf4 65. Re7 Be4 66. Rh7 Ke3 67. Rh3+ Bf3 68. Rxf3+ Kxf3 69. Kd1 Re2 70. Kc1 Ke3 71. Kd1 f4 72. Kc1 f3 73.
Kd1 f2 74. Kc1 f1=Q# 0-1

[Event "Early-Titled-Tuesday-Blitz-August-29-2023"]
[Site "Chess.com"]
[Date "2023.08.29"]
[Round "3"]
[White "Goi_Manne"]
[Black "joksijoksi"]
[Result "1-0"]
[WhiteElo "2330"]
[BlackElo "2494"]
[TimeControl "180+1"]
[EndTime "8:30:13 PDT"]
[Termination "Goi_Manne won by checkmate"]

1. e4 e5 2. d4 exd4 3. Qxd4 Nc6 4. Qe3 Nf6 5. Nc3 Bb4 6. Bd2 d6 7. O-O-O O-O 8. f3 Re8 9. h4 d5 10. Qg5 h6 11. Qg3 Nh5 12. Qf2 d4 13. Nd5 Bxd2+ 14.
Qxd2 Ng3 15. Rh2 Nxf1 16. Rxf1 Be6 17. Nf4 Bc4 18. Nge2 Qd6 19. g3 Rad8 20. Rd1 Bxe2 21. Rxe2 Ne5 22. Rf2 Nc4 23. Qd3 Ne3 24. Re1 Qc5 25.
Rd2 Nc4 26. Rde2 Qb4 27. Qb3 Qxb3 28. axb3 Ne5 29. Rf2 g5 30. hxg5 hxg5 31. Nd5 Kg7 32. Nxc7 Re7 33. Nd5 Red7 34. f4 Ng4 35. Rd2 f5 36.
Rxd4 fxe4 37. c4 b5 38. Rdxe4 bxc4 39. Re7+ Rxe7 40. Rxe7+ Kf8 41. Rxa7 Rxd5 42. bxc4 Rc5 43. b3 gxf4 44. gxf4 Nf2 45. Kc2 Rf5 46. b4 Rxf4 47. Kb3 Rf3+ 48. Ka4 Nd3 49. b5 Nb2+ 50. Kb4 Rf4 51.
b6 Nxc4 52. Kb5 Nd6+ 53. Kc6 Rf6 54. Kd7 Nb5 55. Ra8+ Kg7 56. b7 Rd6+ 57. Ke7 Rb6 58. b8=Q Rxb8 59. Rxb8 Nd4 60. Rb1 Nf5+ 61. Ke6 Nh6 62.
Rg1+ Kh7 63. Ke7 Ng8+ 64. Kf8 Nh6 65. Rg7+ Kh8 66. Ra7 Nf5 67. Ra6 Ng7 68. Rh6# 1-0

[Event "Early-Titled-Tuesday-Blitz-August-29-2023"]
[Site "Chess.com"]
[Date "2023.08.29"]
[Round "3"]
[White "DanilNajdin"]
[Black "Irina_Barchuk"]
[Result "1-0"]
[WhiteElo "2548"]
[BlackElo "2240"]
[TimeControl "180+1"]
[EndTime "8:30:15 PDT"]
[Termination "DanilNajdin won by resignation"]

1. d4 d5 2. c4 e6 3. Nc3 Nf6 4. cxd5 exd5 5. Bg5 Bd6 6. Bxf6 Qxf6 7. Nxd5 Qf5 8. Nc3 Bb4 9. e3 O-O 10. Bd3 Qg5 11.
Nf3 Qxg2 12. Bxh7+ Kh8 13. Rg1 Qh3 14. Bd3 Bxc3+ 15. bxc3 Nc6 16. Qe2 Bg4 17. Rg3 Qh5 18.
h3 Bxf3 19. Qxf3 Qxf3 20. Rxf3 Rad8 21. O-O-O Rd6 22. Be4 Na5 23. Rf5 b6 24. Bd3 g6 25.
Rg5 Kg7 26. h4 Kf6 27. Rdg1 Rh8 28. R1g4 Nb7 29. Kc2 Nd8 30. Rf4+ Ke7 31. Re5+ Re6 32. Rxe6+ Nxe6 33. Rg4 Rh6 34. c4 f5 35. Rg1 Kf6 36. Rh1 Ng7 37. f4 Nh5 38. Rh3 Kf7 39. Be2 Nf6 40.
Bf3 Ke6 41. Kd3 Kf7 42. Rh1 Rh8 43. a4 a5 44. d5 Ke7 45. Kd4 Kd6 46. Rh2 Rh6 47.
Rh1 Nd7 48. Rg1 Nc5 49. Bd1 c6 50. Bc2 cxd5 51. cxd5 Nd7 52. h5 gxh5 53. Bxf5 Nf6 54.
e4 Ke7 55. e5 Ne8 56. d6+ Kf7 57. Kd5 h4 58. Ke4 h3 59. d7 h2 60. Rh1 Nd6+ 61.
exd6 Rxd6 62. Rxh2 Rd1 63. Rh7+ Kg8 64. Re7 Kf8 65. Re8+ Kf7 66. d8=Q Rxd8 67. Rxd8 1-0

[Event "Early-Titled-Tuesday-Blitz-August-29-2023"]
[Site "Chess.com"]
[Date "2023.08.29"]
[Round "3"]
[White "Aleksandar-Topalov"]
[Black "ExchangeAB"]
[Result "1-0"]
[WhiteElo "2336"]
[BlackElo "2477"]
[TimeControl "180+1"]
[EndTime "8:30:15 PDT"]
[Termination "Aleksandar-Topalov won by resignation"]

1. b3 d5 2. Bb2 Nf6 3. Nf3 Bf5 4. d3 e6 5. g3 h6 6. Bg2 c6 7. O-O Nbd7 8. Nbd2 Bh7 9. c4 Be7 10. a3 O-O 11.
Ra2 a5 12. Qa1 Ne8 13. Rc1 Bf6 14. Ne5 Nxe5 15. Bxe5 Bxe5 16. Qxe5 Qd6 17. Qa1 Nf6 18. Rac2 Rfd8 19. Qb2 Rac8 20. b4 axb4 21. axb4 Ra8 22. b5 Rdb8 23. Nf3 Bf5 24. h3 Qa3 25. Nd4 Qxb2 26.
Rxb2 Rc8 27. Nxf5 exf5 28. bxc6 bxc6 29. Bf3 Rab8 30. Rxb8 Rxb8 31. cxd5 cxd5 32. Rc5 Rd8 33. Kg2 g6 34. Ra5 Kg7 35. Ra7 Rd6 36. Ra5 Rd7 37.
Ra6 Rd8 38. Ra5 Rd7 39. Ra6 g5 40. g4 f4 41. Ra5 Kf8 42. Ra8+ Kg7 43. Ra6 Rd8 44. Ra7 Kf8 45. Ra6 Ke7 46. Ra7+ Rd7 47.
Ra5 Ke6 48. Ra8 Ke7 49. Rh8 Rd8 50. Rxh6 Rg8 51. h4 gxh4 52. Kh3 Rg6 53. Rxg6 fxg6 54. Kxh4 d4 55. Kg5 Kf7 56. Kxf4 Ke6 57. g5 Nd7 58.
Ke4 Ne5 59. Kxd4 Kd6 60. Ke4 Nf7 61. Kf4 Ke6 62. d4 Kd6 63. e4 Ke6 64. e5 Nd8 65. Be4 Ke7 66. Bxg6 Ne6+ 67. Ke3 Nxg5 68. Be4 Ne6 69.
f4 Nd8 70. f5 Nf7 71. f6+ Ke6 72. Bd3 Ng5 73. Bc4+ Kd7 74. Kf4 Nh7 75. e6+ Kd6 76. Kf5 1-0

[Event "Early-Titled-Tuesday-Blitz-August-29-2023"]
[Site "Chess.com"]
[Date "2023.08.29"]
[Round "3"]
[White "Fantastic_Power"]
[Black "kirillshevchenko"]
[Result "0-1"]
[WhiteElo "2769"]
[BlackElo "2984"]
[TimeControl "180+1"]
[EndTime "8:30:17 PDT"]
[Termination "kirillshevchenko won on time"]

1. e4 e5 2. Nf3 Nc6 3. Bc4 Nf6 4. d4 exd4 5. O-O Nxe4 6. Re1 d5 7. Bxd5 Qxd5 8. Nc3 Qh5 9. Nxe4 Be6 10. Bg5 Bd6 11. Nxd6+ cxd6 12. Bf4 Qd5 13. c3 O-O 14. Nxd4 Nxd4 15.
Qxd4 Qxd4 16. cxd4 Rfd8 17. a3 Rd7 18. Rac1 Bd5 19.
f3 f6 20. h4 Kf7 21. Kf2 a5 22. Re3 Ra6 23. Rec3 Bc6 24. Rd3 Bd5 25. Rdc3 Rb6 26. R1c2 Bc6 27. Rd2 Rb5 28. d5 Rxd5 29. Rxd5 Bxd5 30.
Rd3 Ke6 31. Re3+ Kf5 32. Rd3 Bc6 33. Bd2 a4 34. Bb4 d5 35. g4+ Ke6 36. Ke3 Bb5 37.
Rd1 Rc7 38. Bc3 h6 39. Re1 Kf7 40. Kd4 Rc4+ 41. Kxd5 Rf4 42. Kd6 Rxf3 43. Re7+ Kg6 44. h5+ Kh7 45. Rxb7 Be2 46. Rb4 Bd1 47. Rd4 Rf1 48.
Ke7 Rg1 49. Kf8 Bxg4 50. Rxa4 Bxh5 51. Ra7 Rg6 52. Ke7 Bf3 53. Kf8 h5 54. Be1 Rg5 55. Bh4 Rg4 56. Bxf6 Rf4 57. Rxg7+ Kh6 58. Ke7 h4 59. Bg5+ Kxg7 60. Bxf4 Kg6 61. Kd6 Kf5 62. Bh2 Bd1 0-1

[Event "Early-Titled-Tuesday-Blitz-August-29-2023"]
[Site "Chess.com"]
[Date "2023.08.29"]
[Round "3"]
[White "averageFM"]
[Black "Arteler"]
[Result "0-1"]
[WhiteElo "2517"]
[BlackElo "2225"]
[TimeControl "180+1"]
[EndTime "8:30:23 PDT"]
[Termination "Arteler won on time"]

1. e4 e6 2. d4 d5 3. exd5 exd5 4. Nf3 Bd6 5. c4 dxc4 6. Bxc4 Nf6 7. O-O O-O 8. Nc3 Nc6 9. h3 h6 10. Re1 Bf5 11. Ne5 Nb4 12. g4 Bc2 13. Qf3 Bh7 14.
g5 hxg5 15. Bxg5 Nc2 16. Nd5 Nxd4 17. Qg2 Kh8 18. Nxf6 gxf6 19. Bh6 Bg6 20. Nxf7+ Rxf7 21. Bxf7 Nf3+ 22. Kh1 Nh4 23. Qg4 Kh7 24. Qxh4 Bxf7 25.
Bg5+ Kg7 26. Qh6+ Kg8 27. Bxf6 Bd5+ 28. Kg1 Qf8 29. Qh8+ Kf7 30. Qxf8+ Rxf8 31. Be5 Rg8+ 32. Bg3 Bxg3 33. fxg3 Rxg3+ 34. Kf2 Rg2+ 35. Ke3 Rxb2 36. Kd4 c6 37. Rf1+ Ke7 38. Rae1+ Kd6 39. Rf6+ Kc7 40.
Rg1 Rxa2 41. Rh6 Kb6 42. h4 Rh2 43. h5 a5 44. Rh8 a4 45. Rb1+ Bb3 46. h6 c5+ 47.
Ke5 c4 48. h7 a3 49. Kf6 a2 50. Ra1 Kb5 51. Kg7 Rg2+ 52. Kf6 Rh2 53. Kg6 Rg2+ 54.
Kf5 Rh2 55. Ke5 Kb4 56. Kd4 b5 57. Rg1 Rh4+ 58. Ke5 Kc3 59. Kf6 Kb2 60. Kg7 a1=Q 61.
Rxa1 Kxa1 62. Rf8 Rxh7+ 63. Kxh7 c3 64. Kg6 c2 65. Rf1+ Kb2 66. Rf2 Ka3 67. Rf1 Kb2 68.
Rf2 Bc4 69. Rg2 Kb1 70. Rg1+ c1=Q 71. Rxc1+ Kxc1 0-1

[Event "Early-Titled-Tuesday-Blitz-August-29-2023"]
[Site "Chess.com"]
[Date "2023.08.29"]
[Round "3"]
[White "GMKrikor"]
[Black "Russian_berezka"]
[Result "1-0"]
[WhiteElo "2867"]
[BlackElo "2580"]
[TimeControl "180+1"]
[EndTime "8:30:24 PDT"]
[Termination "GMKrikor won by resignation"]

1. Nf3 Nf6 2. c4 e6 3. Nc3 d5 4.
cxd5 exd5 5. d4 c6 6. Bf4 Bf5 7.
e3 Bd6 8. Bxd6 Qxd6 9. Nh4 Be6 10. Bd3 O-O 11. h3 a5 12. Qc2 Nbd7 13. O-O Rfe8 14. Rae1 Nb6 15. Nf3 h6 16. Ne5 Rec8 17. Rc1 Nc4 18. Bxc4 dxc4 19. Rcd1 b5 20. e4 Rab8 21. Nf3 Qf8 22. Rfe1 b4 23. Na4 b3 24. axb3 cxb3 25. Qc3 Qb4 26. Qxb4 axb4 27. Nc5 Ra8 28. Nxe6 fxe6 29.
Rd3 c5 30. Rxb3 cxd4 31. Nxd4 Rc4 32. Nxe6 Nxe4 33. Rd3 Nc5 34. Nxc5 Rxc5 35. Rd4 Rb8 36. Re3 Rc1+ 37. Kh2 Rc2 38. Rd7 Rb6 39. Rg3 Rxf2 40. Rgxg7+ Kf8 41. Rh7 Kg8 42. Rhg7+ Kf8 43. b3 Rb2 44.
Rdf7+ Ke8 45. Ra7 Kf8 46. Raf7+ Ke8 47. Rb7 Rxb7 48. Rxb7 Rxb3 49. Rb6 h5 50. Rh6 Rb1 51. Rxh5 b3 52. Rb5 Kf7 53. Rb6 Kg7 54. h4 b2 55.
Kg3 Kh7 56. Kg4 Kg7 57. Kg5 Kh7 58. Rb7+ Kg8 59. Kg6 Kf8 60. h5 Rg1 61. Rxb2 Ke7 62. h6 Rh1 63. h7 Ke6 64. Re2+ Kd7 65. Kg7 Rh5 66. h8=Q Rg5+ 67. Kf6 1-0

[Event "Early-Titled-Tuesday-Blitz-August-29-2023"]
[Site "Chess.com"]
[Date "2023.08.29"]
[Round "3"]
[White "dropstoneDP"]
[Black "Goryachkina"]
[Result "0-1"]
[WhiteElo "2966"]
[BlackElo "2651"]
[TimeControl "180+1"]
[EndTime "8:30:24 PDT"]
[Termination "Goryachkina won on time"]

1. e4 c6 2. d4 d5 3. e5 Bf5 4. Nf3 e6 5. Be2 Ne7 6. c3 Nd7 7. O-O h6 8. a4 a5 9. Na3 Bh7 10. Nc2 Ng6 11. g3 Be7 12. h4 Nb6 13. Ne3 Qc7 14.
Bd3 Nf8 15. Bxh7 Nxh7 16. Qd3 Nf8 17. Kg2 Nfd7 18. h5 c5 19. Bd2 c4 20. Qc2 O-O 21.
Ng4 f5 22. exf6 Nxf6 23. Bf4 Bd6 24. Nxh6+ gxh6 25. Qg6+ Kh8 26. Qxh6+ Nh7 27. Bxd6 Qxd6 28. Ng5 Qe7 29. Nxh7 Qxh7 30. Qxe6 Nd7 31. Qxd5 Nf6 32.
Qxc4 Qe4+ 33. f3 Qf5 34. Rae1 Rg8 35. Rg1 Qf4 36. Kh2 Qxf3 37. Ref1 Ng4+ 38. Kh3 Nf2+ 39.
Rxf2 Qxf2 40. Qe6 Rg7 41. h6 Rf7 42. Re1 Qf5+ 43. Qxf5 Rxf5 44. Re7 b5 45. axb5 Rxb5 46. g4 Rxb2 47. g5 Rg8 48. Re5 a4 49. Ra5 a3 50.
Kg4 Rg2+ 51. Kf4 R2xg5 52. Rxa3 Rg4+ 53. Ke5 R8g5+ 54. Kd6 Rg6+ 55. Kc5 Rxh6 56. c4 Kg7 57. d5 Kf7 58. Re3 Rhh4 59. Rc3 Ke7 60. Kb5 Kd6 61. Rc2 Rd4 62. Rc3 Rh8 63. Kb4 Rb8+ 64. Ka3 Kc5 65. Rc2 Rxc4 66. Rd2 Rcb4 0-1